AoeStats
← METALGOD

MegaRandom

510413890Analyzed
2v2 RM · 1d ago on Sep 30, 2026· 69m 57s· 4 players
Game mode
Random Map
Map size
Medium (4 player)
Population
200
Speed
Normal
Resources
Standard
Victory
Conquest
Starting age
Dark Age
Ending age
Imperial Age
RankedLock teamsTeams togetherTeam positionsShared explorationLock speedFull tech treeHidden civsTurbo modeCheats
Victory
Defeat
🇺🇸 Khmer · United States
525
+17
🇺🇸 Teutons · United States
524
+18
🇲🇽 Huns · Mexico
574
-18
🇺🇸 Byzantines · United States
540
-17
Trumpie23
14:15 Feudal Age
13:00 Loom
14:50 Double-Bit Axe
23:31 Castle Age
23:37 Castle Age
24:01 Forging
24:50 Stone Mining
26:14 Scale Mail Armor
28:56 Pikeman
30:29 Bow Saw
32:20 Horse Collar
36:06 Imperial Age
35:00 Iron Casting
34:41 Chain Mail Armor
37:27 Elite Skirmisher
38:22 Padded Archer Armor
38:35 Guard Tower
40:18 Halberdier
42:46 Plate Mail Armor
42:08 Fletching
42:02 Treadmill Crane
45:10 Leather Archer Armor
45:01 Scale Barding Armor
55:08 Light Cavalry
64:28 Hussar
Marco 1985 MÉXICO City
3:59 Loom
15:18 Feudal Age
15:57 Fishing Lines
16:03 Fishing Lines
16:25 Double-Bit Axe
22:12 Castle Age
22:30 Fletching
24:17 Forging
24:08 Scale Mail Armor
24:24 Scale Barding Armor
24:34 Forging
24:24 Scale Mail Armor
24:27 Gillnets
26:21 Iron Casting
25:09 Pikeman
25:49 Squires
26:27 Chain Mail Armor
26:57 Stone Mining
29:38 Gold Mining
30:28 Wheelbarrow
31:38 Fervor
32:12 Bodkin Arrow
40:45 Imperial Age
38:55 Gold Shaft Mining
38:59 Bow Saw
39:22 Husbandry
39:58 Hand Cart
43:29 Two-Man Saw
42:13 Horse Collar
43:25 Capped Ram
44:32 Bloodlines
43:43 Cavalier
45:44 Siege Ram
47:35 Blast Furnace
46:41 Scale Barding Armor
47:28 Sanctity
47:40 Illumination
49:25 Sappers
50:54 Paladin
56:49 Ballistics
57:30 Chemistry
56:41 Careening
56:41 Clinker Construction
56:18 Sappers
69:20 Guilds
69:11 Caravan
70:07 Devotion
Quest8014
12:20 Feudal Age
14:23 Double-Bit Axe
14:29 Loom
14:30 Horse Collar
19:01 Wheelbarrow
18:40 Stone Mining
18:48 Gold Mining
18:46 Man-at-Arms
19:13 Arson
23:37 Castle Age
21:56 Scale Mail Armor
22:59 Forging
24:30 Bloodlines
24:51 Pikeman
24:52 Long Swordsman
29:19 Hand Cart
29:26 Heavy Plow
29:45 Bow Saw
30:36 Husbandry
31:16 Caravan
35:13 Iron Casting
35:06 Chain Mail Armor
40:01 Imperial Age
41:05 Two-Handed Swordsman
41:42 Heavy Scorpion
46:02 Blast Furnace
45:08 Scale Barding Armor
44:54 Fletching
45:06 Padded Archer Armor
45:54 Crop Rotation
45:46 Crossbowman
47:45 Chemistry
48:15 Chain Barding Armor
48:31 Parthian Tactics
49:08 Siege Engineers
48:38 Arbalester
49:22 Halberdier
51:44 Conscription
53:59 Bodkin Arrow
54:19 Leather Archer Armor
54:53 Plate Barding Armor
55:52 Capped Ram
59:00 Elite Battle Elephant
59:00 Cavalier
62:07 Coinage
66:38 Guard Tower
66:43 Murder Holes
66:58 Careening
66:59 Clinker Construction
67:10 Ballistics
66:40 Heated Shot
66:57 Siphons
67:03 Masonry
67:03 Fortified Wall
METALGOD
13:56 Feudal Age
15:21 Wheelbarrow
18:11 Double-Bit Axe
27:48 Castle Age
26:47 Gold Mining
27:30 Stone Mining
28:10 Man-at-Arms
28:37 Gambesons
34:20 Arson
36:06 Forging
36:16 Hand Cart
35:58 Long Swordsman
43:43 Imperial Age
42:04 Scale Mail Armor
46:47 Chain Mail Armor
48:23 Pikeman
50:43 Chemistry
50:57 Horse Collar
52:50 Halberdier
57:24 Two-Handed Swordsman
58:13 Heavy Plow
59:02 Crenellations
62:55 Champion
64:20 Iron Casting
64:16 Plate Mail Armor
65:56 Squires
66:15 Bow Saw
66:21 Caravan
67:35 Siege Engineers
69:29 Blast Furnace
Connection lost

Rejoining the realm…

Still unreachable

The connection could not be restored.

Session expired

The server has moved on; the page needs a fresh start.